 Dungeon Crawl Stone Soup version 0.25.1-2-g60ff931df9 (webtiles) character file.

Game seed: 9284847608178190096

184 ubername the Ruffian (level 5, -9/52 HPs)
             Began as a Troll Berserker on Sept 30, 2020.
             Was a Believer of Trog.
             Engulfed by Ijyb's freezing vapour (18 damage)
             ... on level 4 of the Dungeon.
             The game lasted 00:05:06 (2676 turns).

ubername the Ruffian (Troll Berserker)              Turns: 2676, Time: 00:05:07

Health: -9/52      AC:  6    Str: 26    XL:     5   Next: 36%
Magic:  4/4        EV: 12    Int:  9    God:    Trog [**....]
Gold:   170        SH:  0    Dex:  9    Spells: 4/4 levels left

rFire    . . .     SeeInvis .     - Unarmed
rCold    . . .     Gourm    +   p - +0 kite shield
rNeg     . . .     Faith    .   m - +0 robe
rPois    .         Spirit   .   (helmet restricted)
rElec    .         Reflect  .   (no cloak)
rCorr    .         Harm     .   (gloves unavailable)
MR       .....                  (boots unavailable)
Stlth    +.........             (no amulet)
HPRegen  0.57/turn              k - +4 ring of evasion
MPRegen  0.09/turn              d - +6 ring of intelligence

@: confused
A: large, unfitting armour, claws 3, fast metabolism 3, gourmand, regeneration
1, shaggy fur 1, tough skin 3
a: Berserk, Trog's Hand, Renounce Religion


You were on level 4 of the Dungeon.
You worshipped Trog.
Trog was pleased with you.
You were very full.

You visited 1 branch of the dungeon, and saw 4 of its levels.

You collected 170 gold pieces.

Inventory:

Armour
 m - a +0 robe (worn)
 p - a +0 kite shield (worn)
Jewellery
 d - a +6 ring of intelligence (right claw)
 k - a +4 ring of evasion (left claw)
 q - a cursed amulet of faith
Scrolls
 a - 2 scrolls of enchant armour
 c - a scroll of identify
 e - 3 scrolls of magic mapping
 f - 5 scrolls of teleportation
 j - a scroll of blinking
Potions
 g - 2 potions of curing
 h - a potion of haste
 i - a potion of cancellation {unknown}
Comestibles
 b - 10 rations


   Skills:
 + Level 2.9 Fighting
 + Level 3.4 Dodging
 + Level 0.5 Stealth
 + Level 0.3 Shields
 + Level 4.6 Unarmed Combat


You had 4 spell levels left.
You didn't know any spells.
Your spell library was empty.

Dungeon Overview and Level Annotations

Branches:
Dungeon (4/15)
 Temple: D:4-7

Altars:
Ashenzari
Gozag
Makhleb
Trog
Yredelemnul

Annotations:
D:4 Ijyb


Innate Abilities, Weirdness & Mutations

You are too large for most types of armour.
You have claws for hands.
Your metabolism is lightning-fast.
You like to eat raw meat.
Your natural rate of healing is unusually fast.
You are covered in fur. (AC +1)
You have extremely tough skin. (AC +3)


Message History

Ijyb hits you but does no damage.
You bump into the rock wall.
You are engulfed in noxious fumes.
You choke on the stench!
You are more confused.
Ijyb screams, "No!
No, no, no, no!"
Ijyb barely misses you.
You bump into the rock wall.
You are engulfed in noxious fumes.
You choke on the stench!
You are more confused.
Ijyb closely misses you.
Ijyb zaps a wand.
Ijyb creates a blast of freezing vapour!
You are engulfed in freezing vapours.
Ijyb zaps a wand.
Ijyb creates a blast of noxious fumes!
The now-empty wand crumbles to dust.
An orc comes into view. It is wielding a +0 short sword.
You are engulfed in freezing vapours.
Ijyb barely misses you.
You are engulfed in freezing vapours.
* * * LOW HITPOINT WARNING * * *
You are engulfed in freezing vapours.
You die...

# #.. .. # #.# .# #. #
#.# ..# .. #... #
#.##.###.. #..# #
#.#.....# ##.. #
##........ ...
###.)....... #.#
#....>.)#### ##.##
#.#.#...# #.§@####.#
......÷.# #.§§§§...#
#.#.#.#.######§g§######
#.....#......§§#######
###.##########°§......
...# ######### #####


You could see Ijyb.

Vanquished Creatures
  2 worker ants (D:4)
  Terence (D:2)
  5 adders
  2 dart slugs
  3 leopard geckos
  2 orcs
  12 bats
  4 giant cockroaches
  6 hobgoblins
  2 quokkas
  2 ball pythons
  7 frilled lizards
  5 goblins
  6 kobolds
  8 rats
67 creatures vanquished.

Notes
Turn   | Place    | Note
-------+----------+-------------------------------------------
     0 | D:1      | ubername the Troll Berserker began the quest for the Orb.
     0 | D:1      | Reached XP level 1. HP: 22/22 MP: 0/0
    68 | D:1      | Reached XP level 2. HP: 29/29 MP: 1/1
   874 | D:2      | Reached XP level 3. HP: 27/36 MP: 2/2
   913 | D:2      | Found an opulent altar of Gozag.
   981 | D:2      | Noticed Terence
   989 | D:2      | Killed Terence
   995 | D:2      | Reached ** piety under Trog
  1132 | D:2      | Reached XP level 4. HP: 44/44 MP: 3/3
  1205 | D:2      | You fall into a shaft and drop 2 floors!
  1218 | D:3      | Found a shattered altar of Ashenzari.
  1224 | D:3      | Reached skill level 4 in Unarmed Combat
  2108 | D:3      | Found a burning altar of Makhleb.
  2109 | D:3      | Found a basalt altar of Yredelemnul.
  2110 | D:3      | Found a bloodstained altar of Trog.
  2158 | D:3      | Found a shattered altar of Ashenzari.
  2453 | D:4      | Reached XP level 5. HP: 45/52 MP: 4/4
  2657 | D:4      | Noticed Ijyb
  2676 | D:4      | Engulfed by Ijyb's freezing vapour

Illustrated notes

Levels and vault maps discovered:
D:1:      wander_arrival_chamber, layout_basic, hangedman_abyss_or_decor_stabs,
          glass_columns_b, hangedman_decor_push
D:2:      layout_rooms, nicolae_overflow_crystal_walls, first_ration,
          uniq_terence
D:3:      minmay_skewed_foursquare, layout_basic,
          nicolae_overflow_quartered_altars, cheibrodos_ashenzari_chains
D:4:      layout_loops_ring, elyvilon_altar_5, kiku_gazebo_garden_becter,
          kennysheep_another_room, fedhas_altar_2, uniq_ijyb

Skill      XL: |  1  2  3  4 |
---------------+-------------+-----
Dodging        | 3 |  3.4
Unarmed Combat | 4 |  4.6
Fighting       | |  2.9
Stealth        | |  0.5
Shields        | |  0.3

Action                   |  1- 3 |  4- 6 || total
-------------------------+-------+-------++-------
Melee: Unarmed           |   104 |    80 ||   184
       Punch             |     1 |       ||     1
Invok: Berserk           |     2 |     1 ||     3
  Use: Scroll            |    10 |       ||    10
       Potion            |     3 |       ||     3
  Eat: Chunk             |    15 |    17 ||    32
Armor: Animal skin       |    29 |       ||    29
       Robe              |    20 |    22 ||    42
Dodge: Dodged            |   122 |    42 ||   164
Block: Kite shield       |       |    24 ||    24
